 Dungeon Crawl Stone Soup version 0.28.0 (webtiles) character file.

Game seed: 16217008686302675574

98 H0rd4k the Magician (level 4, 0/24 HPs)
             Began as a Deep Elf Hedge Wizard on Feb 15, 2022.
             Slain by a hound (1 damage)
             ... on level 3 of the Dungeon.
             The game lasted 00:02:33 (2353 turns).

H0rd4k the Magician (Deep Elf Hedge Wizard)         Turns: 2353, Time: 00:02:35

Health: 0/24       AC:  2    Str:  7    XL:     4   Next: 44%
Magic:  2/14       EV: 12    Int: 21    God:
Gold:   75         SH:  0    Dex: 14    Spells: 3/15 levels left

rFire   . . .      SeeInvis .   a - +0 dagger
rCold   . . .      Faith    .   (no shield)
rNeg    . . .      Spirit   .   b - +0 robe
rPois   .          Reflect  .   c - +0 hat
rElec   .          Harm     .   (no cloak)
rCorr   .          Rampage  .   (no gloves)
Will    .....                   (no boots)
Stlth   ++........              (no amulet)
HPRegen 0.08/turn               (no ring)
MPRegen 0.14/turn               (no ring)

@: no status effects
A: no striking features
a: no special abilities


You were on level 3 of the Dungeon.
You visited 1 branch of the dungeon, and saw 3 of its levels.

You collected 75 gold pieces.

Inventory:

Hand Weapons
 a - a +0 dagger (weapon)
Armour
 b - a +0 robe (worn)
 c - a +0 hat (worn)
Scrolls
 e - 3 scrolls of identify {unknown}
 h - a scroll of teleportation {unknown}
 i - a scroll of brand weapon {unknown}
Potions
 d - 2 potions of heal wounds {unknown}
 f - a potion of lignification {unknown}
 g - a potion of attraction {unknown}


   Skills:
 + Level 2.7 Dodging
 - Level 2.4 Stealth
 + Level 6.4 Spellcasting
 + Level 2.5 Conjurations
 + Level 1.1 Summonings
 + Level 1.1 Translocations


You had 3 spell levels left.
You knew the following spells:

 Your Spells              Type           Power      Damage    Failure   Level
a - Magic Dart            Conj           68%        1d6       3%          1
b - Blink                 Tloc           22%        N/A       9%          2
c - Conjure Flame         Conj/Fire      12%        6-21      17%         3
d - Mephitic Cloud        Conj/Pois/Air  10%        N/A       21%         3
e - Swiftness             Air            6%         N/A       28%         3

Your spell library contained the following spells:

 Spells                   Type           Power      Damage    Failure   Level
 Shock                    Conj/Air       48%        1d6       5%          1
 Call Imp                 Summ           11%        N/A       9%          2
 Slow                     Hex            24%        N/A       10%         1
 Airstrike                Air            3%         N/A       67%         4


Dungeon Overview and Level Annotations

Branches:
Dungeon (3/15)

Altars:
Uskayaw

Annotations:
D:3 exclusion: phantom


Message History

You are too injured to fight recklessly!
You are too injured to fight recklessly!
You are too injured to fight recklessly!
Casting: Magic Dart (safe; 3% risk of failure)
Confirm with . or Enter, or press ? or * to list all spells.
Aiming: Magic Dart (safe; 3% risk of failure)
Press: ? - help, Shift-Dir - straight line, f/p - hound
Aim: a hound (heavily wounded, 100% to hit)
The magic dart hits the hound but does no damage.
The hound is heavily wounded.
The hound closely misses you. The hound bites you.
Casting: Magic Dart (safe; 3% risk of failure)
Confirm with . or Enter, or press ? or * to list all spells.
Aiming: Magic Dart (safe; 3% risk of failure)
Press: ? - help, Shift-Dir - straight line, f/p - hound
Aim: a hound (heavily wounded, 100% to hit)
The magic dart hits the hound but does no damage.
The hound is heavily wounded.
The hound barely misses you.
Casting: Magic Dart (safe; 3% risk of failure)
Confirm with . or Enter, or press ? or * to list all spells.
Aiming: Magic Dart (safe; 3% risk of failure)
Press: ? - help, Shift-Dir - straight line, f/p - hound
Aim: a hound (heavily wounded, 100% to hit)
The magic dart hits the hound.
The hound is severely wounded.
The hound bites you.
* * * LOW HITPOINT WARNING * * *
The hound bites you.
* * * LOW HITPOINT WARNING * * *
Your magical contamination has completely faded away.
Casting: Magic Dart (safe; 3% risk of failure)
Confirm with . or Enter, or press ? or * to list all spells.
Aiming: Magic Dart (safe; 3% risk of failure)
Press: ? - help, Shift-Dir - straight line, f/p - hound
Aim: a hound (severely wounded, 100% to hit)
The magic dart hits the hound.
The hound is almost dead.
The hound bites you.
You die...

#..# #..# #g ..#
#.##########.#
.g..W...##...# #.
#.##.### #. #.##.#
#. #.##h# #!###
#.##@# #. #...#
#.##.# #.. ###g#
#†##.# ##..### #.#
#.##.# ......# #.#
#.##.#
#..#.###.###.##.#
##............##<#
#......##.######.#
....>.).......)).#


You could see a hound.

Vanquished Creatures
  3 gnolls (D:3)
  An adder (D:2)
  An orc (D:3)
  5 endoplasms
  A giant cockroach (D:1)
  6 goblins
  7 hobgoblins
  6 kobolds
  4 quokkas
  6 ball pythons
  9 bats
  5 rats
54 creatures vanquished.

Notes
Turn   | Place    | Note
-------+----------+-------------------------------------------
     0 | D:1      | H0rd4k the Deep Elf Hedge Wizard began the quest for the
                  | Orb.
     0 | D:1      | Reached XP level 1. HP: 10/10 MP: 7/7
   172 | D:1      | Reached skill level 5 in Spellcasting
   254 | D:1      | Reached XP level 2. HP: 15/15 MP: 6/10
   785 | D:1      | Reached XP level 3. HP: 19/19 MP: 8/12
   788 | D:1      | Learned a level 2 spell: Blink
   792 | D:1      | Learned a level 3 spell: Conjure Flame
   796 | D:1      | Learned a level 3 spell: Mephitic Cloud
   800 | D:1      | Learned a level 3 spell: Swiftness
  1374 | D:2      | Found a hide-covered altar of Uskayaw.
  1710 | D:2      | Reached skill level 6 in Spellcasting
  2045 | D:3      | Reached XP level 4. HP: 24/24 MP: 7/14
  2162 | D:3      | Noticed a phantom
  2352 | D:3      | HP: 1/24 [hound (2)]
  2353 | D:3      | Slain by a hound

Illustrated notes

Levels and vault maps discovered:
D:1:      sevenhm_arrival_forest_fort_small_6, layout_loops_cross
D:2:      layout_basic, basic_altar
D:3:      layout_loops_ring, chequers_temple_overflow_statue_of_worship,
          amcnicky_altar_gilded, kennysheep_generic_room_13, uniq_robin,
          uniq_terence, uniq_ijyb, uniq_crazy_yiuf_cottage

Skill      XL: |  1  2  3  4 |
---------------+-------------+-----
Spellcasting   | 5 6 |  6.4
Conjurations   | 2 |  2.5
Dodging        | |  2.7
Stealth        | |  2.4
Summonings     | |  1.1
Translocations | |  1.1

Action                   |  1- 3 |  4- 6 || total
-------------------------+-------+-------++-------
 Cast: Magic Dart        |   117 |    30 ||   147
Armor: Robe              |     4 |       ||     4
Dodge: Dodged            |    10 |     4 ||    14
